 Dungeon Crawl Stone Soup version 0.20.1-1-g8b1a95d (webtiles) character file.

71 Romulous the Shield-Bearer (level 4, 40/40 HPs)
             Began as a Minotaur Fighter on Oct 28, 2017.
             Got out of the dungeon alive.
             The game lasted 00:08:08 (2256 turns).

Romulous the Shield-Bearer (Minotaur Fighter)       Turns: 2256, Time: 00:08:09

Health: 40/40      AC:  9    Str: 22    XL:     4   Next: 5%
Magic:  3/3        EV:  8    Int:  5    God:
Gold:   79         SH:  9    Dex:  9    Spells: 3/3 levels left

rFire    . . .     SeeInvis .   a - +0 war axe
rCold    . . .     Gourm    .   c - +0 shield
rNeg     . . .     Faith    .   b - +0 scale mail
rPois    .         Spirit   .   (helmet restricted)
rElec    .         Reflect  .   n - scarf {repulsion}
rCorr    .         Harm     .   w - +0 pair of gloves
MR       .....                  j - +0 pair of boots
Stlth    ..........             (no amulet)
Regen    0.2/turn               (no ring)
MPRegen  0.1/turn               (no ring)

@: repel missiles
A: retaliatory headbutt, horns 2
a: no special abilities


You escaped.
You were not hungry.

You visited 1 branch of the dungeon, and saw 2 of its levels.

You collected 79 gold pieces.

Inventory:

Hand Weapons
 a - a +0 war axe (weapon)
 v - a -2 flail
Armour
 b - a +0 scale mail (worn)
 c - a +0 shield (worn)
 j - a +0 pair of boots (worn)
 n - a scarf of repulsion (worn)
 w - a +0 pair of gloves (worn)
Scrolls
 m - 2 scrolls of teleportation
 o - a scroll of blinking {unknown}
 p - a scroll of remove curse
 q - 2 scrolls of enchant weapon {unknown}
 r - a scroll of amnesia {unknown}
Potions
 d - 2 potions of might
 e - 2 potions of invisibility {unknown}
 i - a potion of lignification {unknown}
 l - 3 potions of brilliance {unknown}
 t - a potion of magic {unknown}
 u - 2 potions of curing {unknown}
Comestibles
 f - 2 bread rations
 g - 3 meat rations
 h - 2 fruits
 k - a chunk of flesh
 s - a royal jelly


   Skills:
 + Level 4.2 Fighting
 + Level 3.2 Axes
 + Level 4.2 Armour
 + Level 0.7 Dodging
 + Level 4.3 Shields


You had 3 spell levels left.
You didn't know any spells.

Dungeon Overview and Level Annotations

Branches:
Dungeon (2/15)

Altars:
Ashenzari


Innate Abilities, Weirdness & Mutations

You reflexively headbutt those who attack you in melee.
You have a pair of horns on your head.


Message History

You closely miss the bat. Your headbutt misses the bat.
The bat hits you but does no damage. x2
You barely miss the bat. The bat hits you but does no damage.
The bat completely misses you. You furiously retaliate!
You headbutt the bat, but do no damage. You slash the bat!
You kill the bat!
You see here a bat corpse.
You butcher the bat corpse.
k - a chunk of flesh Done exploring.
You see here a club.
There is a stone staircase leading up here.
You climb upwards.
There is a stone staircase leading down here.
You see here a club.
There is a large open door here.
There is a staircase leading out of the dungeon here.
Are you sure you want to leave the Dungeon?
This will make you lose the game!
You have escaped!

# #.# #.#.##..###########.# #.
####.###.#.##..#........##.#####.
......##.#.##..#.####......#.....
#####.##.#.#...#.# #...####(####
#####.##...#####.####............
....................'............
#####.###############..........#.
#####.# ###### ####..#.##†#.
...##.#######...@#######..#.##.##
...##.##>≈§≈'....'≈≈_>##..#......
...##.#######....#######..##.....
...##.......#....#.........'.....
...###......##''##..#..#####.....
...# ##..........)..#.## #.....
...# ##.........)..#.# #.....
...# #.....#####.##.# #..... #'##
#...........##.# #.....


There were no monsters in sight!

Vanquished Creatures
  An adder (D:2)
  3 gnolls (D:2)
  A worm (D:2)
  2 ball pythons (D:2)
  2 giant cockroaches
  3 goblins
  4 hobgoblins
  5 bats
  A frilled lizard (D:2)
  3 kobolds
  7 rats
32 creatures vanquished.

Notes
Turn   | Place    | Note
-------+----------+-------------------------------------------
     0 | D:1      | Romulous the Minotaur Fighter began the quest for the Orb.
     0 | D:1      | Reached XP level 1. HP: 19/19 MP: 0/0
     0 | D:1      | Found a shattered altar of Ashenzari.
   421 | D:1      | Reached XP level 2. HP: 27/27 MP: 1/1
  1286 | D:2      | Reached XP level 3. HP: 30/33 MP: 2/2
  1911 | D:2      | Reached XP level 4. HP: 40/40 MP: 3/3
  2256 | D:$      | Got out of the dungeon alive.

Skill      XL: |  1  2  3 |
---------------+----------+-----
Fighting       | 4 |  4.2
Armour         | 4 |  4.2
Shields        | 4 |  4.3
Axes           | 3 |  3.2
Dodging        | |  0.7

Action                   |  1- 3 |  4- 6 || total
-------------------------+-------+-------++-------
Melee: War axe           |    86 |     7 ||    93
       Headbutt          |    14 |     1 ||    15
  Use: Scroll            |       |     3 ||     3
  Eat: Chunk             |     3 |     1 ||     4
Armor: Scale mail        |    39 |    11 ||    50
Dodge: Dodged            |    22 |     3 ||    25
       Deflected         |     1 |       ||     1
Block: Shield            |    48 |     5 ||    53
